Cogmind - Beta 15 @@@ ROGUE MODE // 2025.05.11 @ 17:22:59 Player: OJ Result: Self-destructed Performance ------------- Evolutions (2) 1000 Regions Visited (7) 1400 Robots Destroyed (49) 245 Value Destroyed (1020) 1020 Prototype IDs (26) 520 Alien Tech Used (0) 0 Bonus (375) 375 TOTAL SCORE: 4560 Bonus ------- Follower Combat Kills 75 Aligned with FarCom 300 Cogmind --------- Core Integrity 468/550 Matter 300/300 Energy 160/160 System Corruption 0% Temperature Cool (0) Movement Walking (100) Location -8/Materials Parts ------- > --- POWER (1) -------- Light Nuclear Core > --- PROPULSION (3) --- Carbon-fiber Leg Potential Leg Potential Leg > --- UTILITY (5) ------ High-capacity Storage Unit Melee Analysis Suite Melee Analysis Suite Propulsion Shielding Hardened Light Armor Plating > --- WEAPON (2) ------- Heavy Hammer > --- INVENTORY (20) --- Improved Heat Sink Medium Storage Unit Advanced Weight Redist. System Advanced Weight Redist. System Weapon Shielding Hardened Light Armor Plating Hacking Suite Hacking Suite Datajack Peak State ------------ > --- POWER ------------ Light Nuclear Core > --- PROPULSION ------- Carbon-fiber Leg Potential Leg Potential Leg > --- UTILITY ---------- Medium Storage Unit Melee Analysis Suite Melee Analysis Suite Hardened Light Armor Plating Hardlight Generator > --- WEAPON ----------- Heavy Hammer > --- INVENTORY -------- Improved Heat Sink Medium Storage Unit Advanced Weight Redist. System Propulsion Shielding Weapon Shielding Hardened Light Armor Plating Hardened Light Armor Plating Hacking Suite Hacking Suite Datajack [Rating: 42] Favorites ----------- Power Light Ion Engine Engine Light Ion Engine Power Core Light Nuclear Core Propulsion Aluminum Leg Leg Aluminum Leg Flight Unit Improved Flight Unit Utility Medium Storage Unit Device Hardlight Generator Storage Medium Storage Unit Processor Melee Analysis Suite Protection Hardened Light Armor Plating Weapon Heavy Hammer Impact Weapon Heavy Hammer Build | -11 -10 -10 -9 -9 -9 -8 -8 ------- Run | Yrd Mat Min Mat Min Exi Min Mat Slots Evolved 4 | . . . 2 . . . 2 Power . | . . . . . . . . Propulsion 1 | . . . 1 . . . . Utility 3 | . . . 1 . . . 2 Weapon . | . . . . . . . . Parts Attached 43 | 4 1 8 15 2 3 4 6 Power 8 | 1 . 1 2 1 . 2 1 Engine 6 | 1 . 1 2 1 . 1 . Core 2 | . . . . . . 1 1 Reactor . | . . . . . . . . Propulsion 15 | 2 . 3 7 . 2 1 . Treads . | . . . . . . . . Leg 12 | 2 . 3 4 . 2 1 . Wheel . | . . . . . . . . Hover . | . . . . . . . . Flight 3 | . . . 3 . . . . Utility 18 | 1 1 3 5 1 1 1 5 Device 4 | . 1 1 1 . . 1 . Storage 6 | 1 . 1 1 1 1 . 1 Processor 2 | . . . . . . . 2 Hackware . | . . . . . . . . Protection 6 | . . 1 3 . . . 2 Artifact . | . . . . . . . . Weapon 2 | . . 1 1 . . . . Energy Gun . | . . . . . . . . Energy Cannon . | . . . . . . . . Ballistic Gun . | . . . . . . . . Ballistic Cannon . | . . . . . . . . Launcher . | . . . . . . . . Special Weapon . | . . . . . . . . Impact Weapon 2 | . . 1 1 . . . . Slashing Weapon . | . . . . . . . . Piercing Weapon . | . . . . . . . . Special Melee Weapon . | . . . . . . . . Unidentified Prototypes 3 | . . 1 2 . . . . Corrupted Parts 1 | . . . . . . 1 . System Corruption 3 | . . . . . . 3 . Parts Lost 9 | . . . 4 1 . 1 3 Power 3 | . . . . 1 . 1 1 Propulsion 2 | . . . 2 . . . . Utility 4 | . . . 2 . . . 2 Weapon . | . . . . . . . . Highest Loss Streak 2 | . . . 2 1 . 1 2 To Critical Strikes . | . . . . . . . . Average Backups 7 | . 2 7 8 9 7 8 9 Power . | . 1 1 1 . . . . Propulsion 1 | . . 2 1 3 . . . Utility 4 | . . 3 3 5 6 7 8 Weapon . | . . . . . . . . Tool/Special . | . . . . . . . . Unused Backups 15 | . . 2 . . 3 1 9 Power . | . . . . . . . . Propulsion 4 | . . 1 . . 3 . . Utility 10 | . . 1 . . . 1 8 Weapon . | . . . . . . . . Tool/Special 1 | . . . . . . . 1 Average Slot Usage (%) 80 | . 59 73 85 98 90 88 88 Engine 9 | . 14 14 11 9 11 2 . Core 2 | . . . . . . 8 8 Leg 24 | . 28 28 22 . 16 28 27 Flight 3 | . . . 9 33 7 . . Device 6 | . 2 4 3 11 11 11 6 Storage 12 | . 14 14 13 11 11 11 9 Processor 2 | . . . . . . . 17 Protection 8 | . . 9 11 11 11 11 11 Impact Weapon 9 | . . 2 13 22 22 16 9 Peak Build Rating 42 | 4 5 14 23 23 33 38 42 Average Rating 19 | 3 4 6 16 22 30 34 41 On Entrance 16 | . 4 5 12 23 23 33 35 Naked Turns . | . . . . . . . . Heaviest Build 58 | 8 10 19 34 24 24 31 58 Greatest Support 75 | 20 20 27 37 24 69 75 75 Greatest Overweight (x) 6 | . . . 6 . . . . Average Overweight (x) . | . . . . . . . . Largest Inventory Capacity 20 | 8 8 10 10 10 10 10 20 Average Capacity 10 | 7 8 9 10 10 10 10 17 Most Carried 11 | 1 3 10 10 10 10 10 11 Average Carried 7 | . 2 7 8 9 7 8 9 Final Capacity 20 | 8 8 10 10 10 10 10 20 Final Carried 10 | 1 3 10 10 10 7 10 9 Class Distribution -------------------- 89% | Mutant 10% | Scavenger-Mutant Dominant Class ---------------- Mutant | -10/Materials Mutant | -10/Mines Mutant | -9/Materials Mutant | -9/Mines Mutant | -9/Exiles Mutant | -8/Mines Mutant | -8/Materials Resources | -11 -10 -10 -9 -9 -9 -8 -8 ----------- Run | Yrd Mat Min Mat Min Exi Min Mat Matter Collected 662 | 191 49 80 160 34 . 87 61 Remotely . | . . . . . . . . Salvage Created 1686 | . . 105 605 92 . 150 734 Parts 55 | . . 2 27 2 . 6 18 Haulers Intercepted 5 | . . . 3 . . . 2 Recyclers Shooed 1 | . . 1 . . . . . Parts Field Recycled . | . . . . . . . . Retrieved Matter . | . . . . . . . . Parts Self-Destructed . | . . . . . . . . Prevented . | . . . . . . . . Kills | -11 -10 -10 -9 -9 -9 -8 -8 ------- Run | Yrd Mat Min Mat Min Exi Min Mat Combat Hostiles Destroyed 34 | . . . 11 3 . 8 12 Melee 17 | . . . 7 1 . 4 5 Classes Destroyed 10 | . . 2 6 1 . 1 . Worker 1 | . . 1 . . . . . Tunneler 2 | . . . . 1 . 1 . Hauler 5 | . . . 3 . . . 2 Recycler 4 | . . 1 . . . . 3 Operator 3 | . . . 2 . . . 1 Swarmer 17 | . . . 3 1 . 7 6 Grunt 8 | . . . 3 2 . . 3 Brawler 1 | . . . 1 . . . . Sentry 7 | . . . 4 . . . 3 Hunter 1 | . . . . . . 1 . Best Kill Streak 12 | . . 2 3 2 . 5 12 Combat Bots Only 5 | . . . 3 2 . 4 5 Max Kills in Single Turn 1 | . . 1 1 1 . 1 1 Gunslinging . | . . . . . . . . Exploded . | . . . . . . . . Melee 1 | . . . 1 1 . 1 1 Uniques/NPCs Destroyed . | . . . . . . . . Combat | -11 -10 -10 -9 -9 -9 -8 -8 -------- Run | Yrd Mat Min Mat Min Exi Min Mat Hostile Shots Fired 348 | . 31 4 112 33 . 48 120 Missed 108 | . 9 1 36 11 . 19 32 Hits 240 | . 22 3 76 22 . 29 88 Melee 2 | . . . 2 . . . . Projectile 238 | . 22 3 74 22 . 29 88 Critical Strikes 4 | . . . 1 . . 1 2 Damage Taken 2147 | . 242 65 815 264 . 195 566 Core 341 | . 46 . 120 58 . 35 82 Absorbed by Shields 356 | . . . . . . 44 312 Redirected to Shielding 13 | . . . . . . . 13 Core Remaining (%) 75 | 100 . 81 . . . 46 . Volleys Fired . | . . . . . . . . Largest . | . . . . . . . . Hottest . | . . . . . . . . Shots Fired . | . . . . . . . . Gun . | . . . . . . . . Cannon . | . . . . . . . . Launcher . | . . . . . . . . Special . | . . . . . . . . Kinetic . | . . . . . . . . Thermal . | . . . . . . . . Explosive . | . . . . . . . . Electromagnetic . | . . . . . . . . Robot Hit Streak . | . . . . . . . . Robot Miss Streak . | . . . . . . . . Penetration Max . | . . . . . . . . Secondary Targets . | . . . . . . . . Shots Hit Robots 98 | . . 3 28 12 . 16 39 Core Hits 30 | . 6 4 7 2 . 4 7 Critical Kills 2 | . . . 1 . . 1 . Critical Parts Destroyed 15 | . . . 7 1 . 2 5 Critical Strikes 17 | . . . 8 1 . 3 5 Smash 17 | . . . 8 1 . 3 5 Melee Attacks 145 | . . 3 51 18 . 22 51 Impact 145 | . . 3 51 18 . 22 51 Slashing . | . . . . . . . . Piercing . | . . . . . . . . Sneak Attacks 17 | . . 3 4 1 . 1 8 Combat Hostiles . | . . . . . . . . Follow-up Attacks 6 | . . . 1 2 . 3 . Damage Inflicted 4752 | . 89 327 1267 526 . 658 1885 Guns . | . . . . . . . . Cannons . | . . . . . . . . Explosions . | . . . . . . . . Melee 4635 | . . 299 1267 526 . 658 1885 Ramming 117 | . 89 28 . . . . . Kinetic . | . . . . . . . . Thermal . | . . . . . . . . Explosive . | . . . . . . . . Electromagnetic . | . . . . . . . . Impact 4635 | . . 299 1267 526 . 658 1885 Slashing . | . . . . . . . . Piercing . | . . . . . . . . Highest Corruption 4 | . . . 1 1 1 4 . Average Corruption 1 | . . . 1 1 1 2 . Corruption Purged . | . . . . . . . . Corruption Blocked . | . . . . . . . . Effects 18 | . . . 4 1 2 11 . Matter Fused 5 | . . . 1 . 1 3 . Heat Flow Errors 5 | . . . 2 . 1 2 . Energy Discharges 4 | . . . 1 . . 3 . Parts Rejected 1 | . . . . . . 1 . Data Loss (minor) 2 | . . . . 1 . 1 . Alerts 1 | . . . . . . 1 . Overload Shots . | . . . . . . . . Overflow Damage 1316 | . . 47 505 132 . 169 463 Projectiles . | . . . . . . . . Explosions . | . . . . . . . . Melee 1316 | . . 47 505 132 . 169 463 Knockbacks 10 | . . 1 1 3 . 3 2 Impact 10 | . . 1 1 3 . 3 2 Kinetic . | . . . . . . . . Secondary . | . . . . . . . . Self-Inflicted Damage . | . . . . . . . . Shots . | . . . . . . . . Rammed . | . . . . . . . . Targets Rammed 58 | . 53 5 . . . . . Kicked 58 | . 53 5 . . . . . Crushed . | . . . . . . . . Highest Temperature 281 | . . . 224 8 . 281 11 Average Temperature 111 | . . . 112 8 . 121 6 Received Heat Transfer 666 | . 132 6 204 144 . . 180 Siege Activations . | . . . . . . . . Martial Activations . | . . . . . . . . Shielding Activations . | . . . . . . . . Robots Disrupted . | . . . . . . . . Combat Hostiles . | . . . . . . . . Robots Corrupted 18 | . . . 5 2 . 4 7 Combat Hostiles 17 | . . . 4 2 . 4 7 Parts Fried 22 | . . . 8 5 . 1 8 Impact Corruptions 52 | . . 1 17 5 . 8 21 Robots Melted . | . . . . . . . . Combat Hostiles . | . . . . . . . . Parts Melted . | . . . . . . . . Heat Transferred . | . . . . . . . . Parts Sabotaged . | . . . . . . . . Parts Stolen . | . . . . . . . . Parts Stripped . | . . . . . . . . Power Chain Reactions . | . . . . . . . . Alert | -11 -10 -10 -9 -9 -9 -8 -8 ------- Run | Yrd Mat Min Mat Min Exi Min Mat Maximum Alert Level 1 | . . . . . . . 1 Low Security (%) 99 | 100 100 100 100 100 . 100 99 Level 1 . | . . . . . . . . Level 2 . | . . . . . . . . Level 3 . | . . . . . . . . Level 4 . | . . . . . . . . Level 5 . | . . . . . . . . High Security . | . . . . . . . . Max Security . | . . . . . . . . Peak Influence 214 | . 7 42 141 92 . 95 214 Initial 42 | . . . . 42 . . . Average 28 | . . 2 72 46 . 26 67 Influence Increases 1169 | . 29 85 376 130 . 195 354 Destroy 0b10 Robot/C 740 | . . 60 220 60 . 160 240 Destroy 0b10 Robot/NC 75 | . . 10 25 5 . 5 30 Destroy Leader 190 | . . 10 76 20 . 30 54 Allied During Kill 5 | . . 5 . . . . . Successful Hack 39 | . 14 . 25 . . . . Disable Machine 15 | . . . . . . . 15 Partial Spotted 15 | . . . 15 . . . . Lose Combat Pursuer 90 | . 15 . 15 45 . . 15 Influence Decreases 955 | . 29 85 268 156 82 195 140 Entered New Map 148 | . . . . 66 82 . . Time Decay 694 | . 29 62 228 80 . 185 110 Lost Part 90 | . . . 40 10 . 10 30 Lost Ally 23 | . . 23 . . . . . Squads Dispatched 7 | . 3 1 2 . . . 1 Investigation 3 | . 2 1 . . . . . Extermination . | . . . . . . . . Reinforcement 4 | . 1 . 2 . . . 1 Assault . | . . . . . . . . Garrison . | . . . . . . . . Intercept . | . . . . . . . . Searches Triggered . | . . . . . . . . Construction Impeded . | . . . . . . . . Haulers Reinforced . | . . . . . . . . Active Scanning Responses . | . . . . . . . . Cargo Convoy Interrupts . | . . . . . . . . Stealth | -11 -10 -10 -9 -9 -9 -8 -8 --------- Run | Yrd Mat Min Mat Min Exi Min Mat Distress Signals 5 | . . . 4 . . . 1 Communications Jammed . | . . . . . . . . Distress Signals . | . . . . . . . . Times Spotted 86 | . 20 7 28 5 . 8 18 Peak Tracking Total 6 | . 6 3 6 3 . 4 6 Tactical Retreats 9 | . 5 1 1 1 . . 1 Traps | -11 -10 -10 -9 -9 -9 -8 -8 ------- Run | Yrd Mat Min Mat Min Exi Min Mat Traps Triggered 1 | . 1 . . . . . . Indirectly . | . . . . . . . . Trap Hack Attempts . | . . . . . . . . Triggered . | . . . . . . . . Disarmed . | . . . . . . . . Reprogrammed . | . . . . . . . . Reused . | . . . . . . . . Traps Extracted . | . . . . . . . . Installed . | . . . . . . . . Triggered . | . . . . . . . . Machines | -11 -10 -10 -9 -9 -9 -8 -8 ---------- Run | Yrd Mat Min Mat Min Exi Min Mat Machines Disabled 1 | . . . . . . . 1 Max in Single Turn 1 | . . . . . . . 1 Machines Repaired . | . . . . . . . . Machines Dismantled . | . . . . . . . . Machines Sabotaged . | . . . . . . . . Overloaded Fab Kills . | . . . . . . . . Hacking | -11 -10 -10 -9 -9 -9 -8 -8 --------- Run | Yrd Mat Min Mat Min Exi Min Mat Machines Accessed 11 | . 3 2 4 . 1 . 1 Terminals 7 | . 3 1 2 . . . 1 Fabricators . | . . . . . . . . Repair Stations . | . . . . . . . . Recycling Units . | . . . . . . . . Scanalyzers 2 | . . . 2 . . . . Garrison Access . | . . . . . . . . Total Hacks 36 | . 11 4 19 . 1 . 1 Successful 18 | . 4 1 11 . 1 . 1 Failed 18 | . 7 3 8 . . . . Catastrophic 6 | . 1 3 2 . . . . Database Lockouts . | . . . . . . . . Manual 21 | . 8 3 9 . 1 . . Terminals 24 | . 11 3 9 . . . 1 Fabricators . | . . . . . . . . Repair Stations . | . . . . . . . . Recycling Units . | . . . . . . . . Scanalyzers 10 | . . . 10 . . . . Garrison Access . | . . . . . . . . Terminal Hacks 6 | . 1 1 2 . 1 . 1 Open Door 1 | . . 1 . . . . . Branch Access Points 2 | . 1 . 1 . . . . Alert Level 1 | . . . . . . . 1 Registered Components 1 | . . . 1 . . . . Proto ID Catalog 1 | . . . . . 1 . . Fabricator Hacks . | . . . . . . . . Repair Station Hacks . | . . . . . . . . Recycling Unit Hacks . | . . . . . . . . Scanalyzer 6 | . . . 6 . . . . Insert Component 3 | . . . 3 . . . . Analyze 3 | . . . 3 . . . . Garrison Access Hacks . | . . . . . . . . Unauthorized Hacks 6 | . 3 . 3 . . . . Terminals 6 | . 3 . 3 . . . . Botnet 4 | . 2 . 2 . . . . Skim 2 | . 1 . 1 . . . . Fabricators . | . . . . . . . . Repair Stations . | . . . . . . . . Recycling Units . | . . . . . . . . Scanalyzers . | . . . . . . . . Garrison Access . | . . . . . . . . Data Cores Recovered . | . . . . . . . . Used . | . . . . . . . . Hacking Detections 9 | . 3 1 4 . . . 1 Full Trace Events 2 | . 1 1 . . . . . Feedback Events . | . . . . . . . . Feedback Blocked . | . . . . . . . . Robot Schematics Acquired . | . . . . . . . . Robots Built . | . . . . . . . . Authchips . | . . . . . . . . Time . | . . . . . . . . Total Robot Build Rating . | . . . . . . . . Part Schematics Acquired 2 | . . . 2 . . . . Parts Built . | . . . . . . . . Authchips . | . . . . . . . . Time . | . . . . . . . . Total Part Build Rating . | . . . . . . . . Parts Repaired . | . . . . . . . . Time . | . . . . . . . . Parts Recycled . | . . . . . . . . Recycled Matter . | . . . . . . . . Retrieved Matter . | . . . . . . . . Retrieved Components . | . . . . . . . . Parts Scanalyzed 2 | . . . 2 . . . . Part Schematics Acquired 2 | . . . 2 . . . . Parts Damaged 1 | . . . 1 . . . . Bothacking | -11 -10 -10 -9 -9 -9 -8 -8 ------------ Run | Yrd Mat Min Mat Min Exi Min Mat Used RIF Installer . | . . . . . . . . Robots Hacked . | . . . . . . . . Non-combat . | . . . . . . . . Combat . | . . . . . . . . Robot Hacks Applied . | . . . . . . . . Relay Couplers Released . | . . . . . . . . Fabnet Peak Effective % . | . . . . . . . . Robots Rewired . | . . . . . . . . Allies Hacked . | . . . . . . . . Hacks Repelled . | . . . . . . . . Allies | -11 -10 -10 -9 -9 -9 -8 -8 -------- Run | Yrd Mat Min Mat Min Exi Min Mat Total Allies 3 | . . 3 . . . . . Largest Group 3 | . . 3 1 . . . . Highest-Rated Group 40 | . . 40 8 . . . . Highest-Rated Ally 16 | . . 16 8 . . . . Total Orders . | . . . . . . . . Ally Attacks 21 | . . 17 4 . . . . Total Damage 209 | . . 175 34 . . . . Kills 4 | . . 4 . . . . . Allies Corrupted . | . . . . . . . . Allies Melted . | . . . . . . . . Intel | -11 -10 -10 -9 -9 -9 -8 -8 ------- Run | Yrd Mat Min Mat Min Exi Min Mat Active Infowar (turns) 438 | . 116 322 . . . . . ECM 438 | . 116 322 . . . . . Robot Analysis Total . | . . . . . . . . Derelict Logs Recovered 3 | . . 1 . 2 . . . Drone Launches . | . . . . . . . . Drone Recoveries . | . . . . . . . . Exploration | -11 -10 -10 -9 -9 -9 -8 -8 ------------- Run | Yrd Mat Min Mat Min Exi Min Mat Turns Passed 3442 | 60 516 944 521 163 209 638 391 Spaces Moved 2651 | 45 337 725 308 257 248 540 191 Core 1 | 1 . . . . . . . Treads . | . . . . . . . . Legs 2155 | 44 337 725 187 . 131 540 191 Wheels . | . . . . . . . . Hover . | . . . . . . . . Flight 495 | . . . 121 257 117 . . Fastest Speed 34 | 50 120 120 34 34 34 90 100 Average Speed 96 | 118 120 120 91 34 63 95 100 Slowest Speed 460 | 120 120 125 460 34 90 100 100 Overloaded Moves . | . . . . . . . . Propulsion Burnouts . | . . . . . . . . Robots Hopped 2 | . . . 2 . . . . Potential Cave-ins . | . . . . . . . . Cave-ins Triggered . | . . . . . . . . Exploration Rate (%) 54 | 4 61 98 27 71 62 89 23 Regions Visited 7 Branch Regions 4 Pre-discovered Areas 1 | . . . . 1 . . . Known Exits Taken 2 | . 1 . 1 . . . . Unknown Exits Taken 5 | 1 . 1 . 1 1 1 . Scrap Searched 2 | . . 1 . 1 . . . Spaces Dug . | . . . . . . . . Terrain Destroyed . | . . . . . . . . Melee . | . . . . . . . . Projectile . | . . . . . . . . AOE . | . . . . . . . . Terrain Rammed . | . . . . . . . . Walls Destroyed . | . . . . . . . . Machines Disabled . | . . . . . . . . Actions | -11 -10 -10 -9 -9 -9 -8 -8 --------- Run | Yrd Mat Min Mat Min Exi Min Mat Total 3283 | 49 438 794 469 304 301 627 301 Wait 344 | . 45 34 80 31 43 62 49 Move 2640 | 44 336 724 303 256 247 539 191 Hop 2 | . . . 2 . . . . Pick Up 27 | 1 3 10 7 . 1 3 2 Fast Attach 17 | 4 . 1 5 . 1 3 3 Attach 12 | . 1 1 7 1 . . 2 Detach 4 | . . 1 2 . . 1 . Swap 18 | . . 7 6 1 2 1 1 Drop 26 | . . 8 8 . 7 1 2 Fire . | . . . . . . . . Melee 135 | . . 3 49 15 . 17 51 Ram . | . . . . . . . . Kick 58 | . 53 5 . . . . . Crush . | . . . . . . . . Escape Stasis . | . . . . . . . . Rewire . | . . . . . . . . Trap . | . . . . . . . . Miscellaneous . | . . . . . . . . Route ------- -11/Scrapyard -10/Materials (discovered 2 exits: *Mat / *Min) -10/Mines (discovered 2 exits: *Mat x2) -9/Materials (discovered 3 exits: *Min x2 / Sto) -9/Mines (discovered 2 exits: *Mat / *Exi) -9/Exiles -8/Mines (discovered 2 exits: *Mat x2) -8/Materials (discovered 1 exit: Fac) History --------- Turn | Location | Event 11 | -11/Scrapyard | Discovered new exit (range 16) 61 | -11/Scrapyard | Entered Materials 62 | -10/Materials | Met a group of wandering Federalists 208 | -10/Materials | Discovered new exit (range 4) 309 | -10/Materials | Build established: Mutant 481 | -10/Materials | Identified exit to Mines 577 | -10/Materials | Entered Mines 637 | -10/Mines | Assisted by bots powering up and referring to "LRC-V3" 670 | -10/Mines | Joined a pair of Derelicts in attacking an 0b10 outpost 673 | -10/Mines | Assembled infested the area 817 | -10/Mines | Learned Materials stockpile data 835 | -10/Mines | Discovered new exit (range 8) 1002 | -10/Mines | Discovered new exit (range 7) 1124 | -10/Mines | Received a Rocket Launcher from a helpful Derelict 1181 | -10/Mines | Found a damaged Exp. Sensor Array with a note attached 1183 | -10/Mines | Found Prototype Device 1184 | -10/Mines | Identified Exp. Sensor Array 1377 | -10/Mines | Met a Derelict who couldn't figure out how to use a Trap Extractor 1521 | -10/Mines | Entered Materials 1521 | -9/Materials | Accompanied by 1 ally 1521 | -9/Materials | Evolved 2 slots: Propulsion x1, Utility x1 1929 | -9/Materials | Identified exit to Mines 1929 | -9/Materials | Identified exit to Storage 2042 | -9/Materials | Entered Mines 2131 | -9/Mines | Discovered new exit (range 12) 2187 | -9/Mines | Learned location of 1 exit from Materials 2203 | -9/Mines | Deemed a non-threat by the Exiles lab entrance 2204 | -9/Mines | Discovered new exit (range 5) 2205 | -9/Mines | Entered Exiles 2214 | -9/Exiles | Met 8R-AWN 2220 | -9/Exiles | Met EX-HEX 2230 | -9/Exiles | Met EX-BIN 2234 | -9/Exiles | Aligned with FarCom system 2235 | -9/Exiles | Given EX-Vault access code 2243 | -9/Exiles | Opened EX-Vault 2245 | -9/Exiles | Found Potential Leg 2250 | -9/Exiles | Found Potential Leg 2270 | -9/Exiles | Warned to stay clear of 0b10 Research branches 2282 | -9/Exiles | Exiles lab attacked by MAIN.C 2361 | -9/Exiles | Discovered new exit (range 12) 2414 | -9/Exiles | Left Exiles lab with Potential Leg 2414 | -9/Exiles | Entered Mines 2548 | -8/Mines | Core integrity fell below 50% 2747 | -8/Mines | Discovered new exit (range 5) 2808 | -8/Mines | Discovered new exit (range 12) 3052 | -8/Mines | Entered Materials 3052 | -8/Materials | Evolved 2 slots: Utility x2 3053 | -8/Materials | Identified exit to Factory 3443 | -8/Materials | Self-destructed Last Messages --------------- 03417_ K-01 Serf collects debris. 03431_ Sneak attack on A-02 Transporter. 03431_ Destroyed Ion Engine. 03431_ A-02 Transporter system corrupted by crushing effect. 03431_ Transport Network Coupler fried. 03431_ A-02 Transporter destroyed. 03435_ Critical hit (Burn: +37). 03435_ T-07 Excavator is excavating. 03440_ Y-45 Defender suffers critical hit (Smash). 03440_ Destroyed Lgt. Treads. 03440_ Y-45 Defender system corrupted by crushing effect. 03441_ Y-45 Defender system terminally corrupted. 03441_ Heat Sink fried. 03441_ K-01 Serf collects debris. 03442_ U-05 Engineer lays Concrete. 03443_ K-01 Serf collects debris. 03443_ Connecting with Terminal... 03443_ Current location identified: Materials >>Alert(Check) Current Alert Level: 1-C Map ----- +----------------------------------------------------+ | +?????????####+### #??????????????? | | #?????????# # #??????????????? | | #### #?????????# # ????????????????? | | ???# #?????????# """ #? ??????????????????? | | ???# #?????????# """ ####+################????? | | ???# #?????????# """ +% #????? | | ???# #?????????# # #????? | | ???# #?????????#% """%+ === #????? | | ???# #?????????# """ # =%= = #????? | | ???? #?????????# """ # %== *%% #????? | | ????? #?????????# % # #######+### #????? | | ????? #?????????#%" " ]# # ! %[=# #????? | | ????? #?????????# "%" # # "" ==*%!#? ??? | | ????? ???????????# """ !# # "T **[%=#?? | | ?????????????????# # # "" """=#??? | | ?????????????????#### ### # """!#??? | | ????????????????????###?# # """%+ ??? | | ????????????????????????#! # [###???## | | ????????????????????????#== # #????????# ? | | ????????????????????????#%==###########??????????? | | ??????????????????#######=[ #????????????????????? | | ??????????????????+ [ #????????????????????? | | ??????????????????# #????????????????????? | | ????????????????#+# !! #????????????????????? | | ??????????o?????# !! ""#????????????????????? | | ?????H??????????# ! @T"#????????????????????? | | ????????????????# %""#??w?????????????????? | | ????????????????# * + ???????????????????? | | ????????????????# k ###??????????????????? | | ????????????????# ## #????????????????????? | | ????????????w?? ?# #????????????????????? | | ??????????????###t##??# k #????????????????????? | | ???????????????#u#????# #????????????????????? | | ???????????????##?????# ????????????????????? | | ??????????????????????# ##???w????????????????? | | ??????????????????????###+##?????????????????????? | | ?????????????????????????????????????????????????? | | ?????????????????????????????????????????????????? | | ?????????????????????????????????????????????????? | | ?????????????????????????????????????????????????? | | ?????????????????????????????????????????????????? | | ?????????????????????????????????????????????????? | | ?????????????????????????????????????????????????? | | ?????????????????????????????????????????????????? | | ?????????????????????????????????????????????????? | | ?????????????????????????????????????????????????? | | ?????????????????????????????????????????????????? | | ?????????????????????????????????????????????????? | | ?????????????????????????????????????????????????? | | ?????????????????????????????????????????????????? | +----------------------------------------------------+ Best States ------------- Heat Dissipation 31 Energy Generation 14 Energy Capacity 280 Matter Stores 300 Matter Capacity 300 Sight Range 16 Terrain Scan Density 10 ECM Strength 1 Additional Mass Support 9 Armor Coverage 300 Propulsion Shielding 33 Evasion (%) 63 Melee Accuracy 10 Item Schematics ----------------- Hvy. Flail | -9/Materials | Scanalyzed Exp. Sensor Array | -9/Materials | Scanalyzed Robot Schematics ------------------ None Fabricated ------------ Nothing Repaired ---------- Nothing Alien Tech Used ----------------- None Achievements -------------- None Challenges ------------ None Game ------ Seed SystemNovaGenerator Manual? 0 Play Time 00:40:54 Cumulative 99.4 hours Start 2025.05.10 @ 04:13:01 End 2025.05.11 @ 17:22:59 Sessions 7 Manual Loads 0 Difficulty Rogue Special Mode None Game No. 84 Rogue 84 Adventurer 0 Explorer 0 Win Type - Total 0 Types 0/0/0/0/0/0/0/0/0/0 Lore% 28 Gallery% 49 Achievement% 49 Wizard Run 0 Options --------- Layout 0 ASCII 0 Keyboard 0 Movement Mouse Keybinds 0 Fullscreen 1 Font 18/SmallcapsGlow Map View 76x50 Zoom Use 0% Tactical HUD 1 Map Filters NONE Filters NONE Steam 1 RUN: b8b75ee2-86ec-483e-bbe4-e8036aba34b1